 Dungeon Crawl Stone Soup version 0.28-a0-529-g3bad584f25 (webtiles) character file.

Game seed: 1892206215599849349

5532 barkas the Cleaver (level 10, -16/93 (98) HPs)
             Began as a Naga Warper on Sept 24, 2021.
             Was a Priest of Cheibriados.
             Killed from afar by a gargoyle (20 damage)
             ... with a stone arrow
             ... on level 9 of the Dungeon.
             The game lasted 00:18:26 (10888 turns).

barkas the Cleaver (Naga Warper)                   Turns: 10888, Time: 00:18:27

HP:   -16/93 (98)   AC: 12    Str: 21    XL:     10   Next: 71%
MP:   13/13         EV:  7    Int: 24    God:    Cheibriados [***...]
Gold: 380           SH:  0    Dex: 17    Spells: 8/13 levels left

rFire   + . .      SeeInvis +   a - +4 hand axe
rCold   . . .      Faith    .   (no shield)
rNeg    . . .      Spirit   .   q - +0 troll leather armour
rPois   +          Reflect  .   (no helmet)
rElec   .          Harm     .   D - +1 cloak
rCorr   .          Rampage  .   p - +0 pair of gloves
Will    ++...                   w - +0 barding
Stlth   +.........              o - amulet of the acrobat
HPRegen 1.25/turn               g - ring of protection from fire
MPRegen 0.13/turn               I - ring of willpower

@: drained, very slow
A: AC +3, large, see invisible, deformed body, poison resistance, slowness 2,
spit poison 1, naga tail 1
a: Spit Poison, Renounce Religion, Bend Time, Temporal Distortion


You were on level 9 of the Dungeon.
You worshipped Cheibriados.
Cheibriados was most pleased with you.
You visited 2 branches of the dungeon, and saw 10 of its levels.
You also visited: Ossuary.

You collected 507 gold pieces.
You spent 127 gold pieces at shops.

Inventory:

Hand Weapons
 a - a +4 hand axe (weapon)
 b - a +2 whip of venom
Missiles
 r - 33 poisoned darts (quivered)
 u - 6 boomerangs
Armour
 e - a +0 ring mail of fire resistance
 p - a +0 pair of gloves (worn)
 q - a +0 troll leather armour (worn)
 w - a +0 barding (worn)
 D - a +1 cloak (worn)
 H - a +0 scale mail of willpower
 J - +0 acid dragon scales
Jewellery
 g - a ring of protection from fire (left hand)
 o - an amulet of the acrobat (around neck)
 x - a ring of ice
 I - a ring of willpower (right hand)
Scrolls
 c - 3 scrolls of blinking
 f - 3 scrolls of enchant weapon
 h - a scroll of fear
 k - a scroll of amnesia
 l - a scroll of summoning
 m - a scroll of enchant armour
 n - 3 scrolls of teleportation
 y - 2 scrolls of identify
 G - a scroll of brand weapon {unknown}
Potions
 d - a potion of heal wounds
 i - 3 potions of degeneration
 j - a potion of lignification
 s - 2 potions of ambrosia
 t - 2 potions of haste
 v - a potion of flight {unknown}
 z - a potion of resistance
 A - 2 potions of curing {unknown}
 B - 2 potions of magic
 C - 2 potions of attraction {unknown}
 E - a potion of brilliance {unknown}
 F - 2 potions of might


   Skills:
 + Level 8.8 Fighting
 * Level 12.2 Axes
 - Level 0.8 Throwing
 - Level 0.7 Armour
 - Level 1.5 Dodging
 - Level 2.0 Spellcasting
 - Level 6.0 Translocations


You had 8 spell levels left.
You knew the following spells:

 Your Spells              Type           Power      Damage    Failure   Level
a - Blink                 Tloc           N/A        N/A       1%          2
b - Teleport Other        Tloc           31%        N/A       3%          3

Your spell library contained the following spells:

 Spells                   Type           Power      Damage    Failure   Level
 Gell's Gravitas          Tloc           15%        N/A       3%          3
 Lesser Beckoning         Tloc           31%        N/A       3%          3
 Animate Skeleton         Necr           4%         N/A       14%         1
 Pain                     Necr           8%         1d4       14%         1
 Ensorcelled Hibernation  Hex/Ice        4%         N/A       21%         2
 Manifold Assault         Tloc           31%        N/A       32%         5
 Iskenderun's Mystic Bla  Conj/Tloc      16%        2d5       36%         4
 Dazzling Flash           Conj/Hex       4%         N/A       38%         3
 Tukima's Dance           Hex            2%         N/A       38%         3
 Vampiric Draining        Necr           1%         2d6       38%         3
 Starburst                Conj/Fire      1%         6d3       100%        6


Dungeon Overview and Level Annotations

Branches:
Dungeon (9/15)             Temple (1/1) D:6            Lair (0/6) D:8
Ossuary (visited)
    Orc: D:9-12

Altars:
Ashenzari
Cheibriados
Dithmenos
Elyvilon
Fedhas
Gozag
Hepliaklqana
Kikubaaqudgha
Makhleb
Nemelex Xobeh
Okawaru
Qazlal
Ru
Sif Muna
Trog
Uskayaw
Vehumet
Wu Jian
Xom
Yredelemnul
Zin
The Shining One

Shops:
D:5 *   D:6 ?


Innate Abilities, Weirdness & Mutations

Your serpentine skin is tough. (AC +3)
You have supernaturally acute eyesight. (SInv)
Armour fits poorly on your strangely shaped body.
Your system is resistant to poisons. (rPois)
You cover ground very slowly.
You can spit poison.
You have a snake-like lower body.


Message History

The gargoyle hurls a stone arrow at you.
The stone arrow misses you.
You slash the gargoyle!
The gargoyle is moderately damaged.
The gargoyle hits you with a +0 mace!
You hit the gargoyle.
The gargoyle is heavily damaged.
The gargoyle hurls a stone arrow at you.
The stone arrow hits you!!
You slash the gargoyle!
The gargoyle is almost destroyed.
You hit the gargoyle but do no damage.
The gargoyle is almost destroyed.
The gargoyle hits you with a +0 mace!
You hit the gargoyle but do no damage.
The gargoyle is almost destroyed.
The gargoyle hits you with a +0 mace!
You hit the gargoyle but do no damage.
The gargoyle is almost destroyed.
You hit the gargoyle but do no damage.
The gargoyle is almost destroyed.
The gargoyle hurls a stone arrow at you.
The stone arrow hits you!!
* * * LOW HITPOINT WARNING * * *
You barely miss the gargoyle.
The gargoyle is almost destroyed.
The gargoyle hurls a stone arrow at you.
The stone arrow hits you!
* * * LOW HITPOINT WARNING * * *
You aren't carrying any items that you can evoke.
Unknown command.
Okay, then.
Unknown command.
You hit the gargoyle but do no damage.
The gargoyle is almost destroyed.
You barely miss the gargoyle.
The gargoyle is almost destroyed.
The gargoyle hurls a stone arrow at you.
The stone arrow hits you!!
You die...

######################
#.........#...........
#.........#...........
#.....................
+.....@.##.##.........
#....9#..#.#..#......
#.....##.....##..#...
####......_......# ..
...##.....##..#
....#..#.#..#..#
.......##.##....#
.....#.........### #
###.......#


You could see a gargoyle.

Vanquished Creatures
  A two-headed ogre (D:8)
  An elephant (D:8)
  Maggie (D:9)
  A troll (D:6)
  A wyvern (D:8)
  6 yaks
  A steam dragon (D:6)
  A basilisk (D:8)
  2 water moccasins
  2 sky beasts (D:6)
  2 orc warriors (D:8)
  A black bear (D:8)
  3 necrophages
  2 ogres
  A hornet zombie (D:8)
  A centaur (D:6)
  2 bullfrogs
  A water moccasin skeleton (D:5)
  7 wights
  3 howler monkeys (D:8)
  4 hounds
  2 jellies
  Crazy Yiuf (D:7)
  A bullfrog skeleton (D:6)
  An orc priest (D:3)
  A centaur skeleton (D:6)
  7 iguanas
  8 orc wizards
  Ijyb (D:3)
  4 hound zombies
  4 mummies (Ossuary)
  A gnoll (D:1)
  6 adders
  A shadow imp (D:8)
  2 white imps (D:7)
  2 adder skeletons (D:4)
  2 adder zombies (D:3)
  4 worms
  4 dart slugs
  18 orcs
  5 ball pythons
  9 bats
  8 endoplasms
  2 giant cockroaches (D:3)
  6 goblins
  8 hobgoblins
  2 jackals (D:2)
  5 quokkas
  A ball python skeleton (D:3)
  7 frilled lizards
  2 hobgoblin zombies (Ossuary)
  4 jackal zombies (Ossuary)
  7 kobolds
  A kobold zombie (Ossuary)
  2 rats
  2 rat zombies (Ossuary)
185 creatures vanquished.

Vanquished Creatures (others)
  A black bear (D:7)
  2 fungi (D:2)
  2 plants (D:2)
  3 withered plants (D:3)
8 creatures vanquished.

Grand Total: 193 creatures vanquished

Notes
Turn   | Place    | Note
-------+----------+-------------------------------------------
     0 | D:1      | barkas the Naga Warper began the quest for the Orb.
     0 | D:1      | Reached XP level 1. HP: 19/19 MP: 3/3
   147 | D:1      | Reached XP level 2. HP: 10/26 MP: 5/5
   714 | D:1      | Reached skill level 3 in Axes
   738 | D:1      | Reached XP level 3. HP: 33/33 MP: 6/6
  1053 | D:1      | Learned a level 2 spell: Blink
  1057 | D:1      | Learned a level 3 spell: Teleport Other
  1462 | D:2      | Found a faded altar of an unknown god.
  1792 | D:2      | Reached XP level 4. HP: 35/40 MP: 7/7
  2583 | D:3      | Found a bloodstained altar of Trog.
  2903 | D:3      | Reached XP level 5. HP: 43/49 MP: 8/8
  2921 | D:3      | Reached skill level 4 in Axes
  3353 | D:3      | Noticed Ijyb
  3368 | D:3      | Killed Ijyb
  3369 | D:3      | Reached XP level 6. HP: 56/56 MP: 9/9
  3764 | D:4      | Found a glowing golden altar of the Shining One.
  4416 | D:5      | Entered Level 5 of the Dungeon
  4416 | D:5      | Noticed a yak
  4416 | D:5      | Noticed a yak
  4416 | D:5      | Noticed a yak
  4416 | D:5      | Noticed a yak
  4416 | D:5      | Noticed a yak
  4416 | D:5      | Noticed a yak
  4435 | D:4      | Killed a yak
  4436 | D:4      | Reached skill level 5 in Axes
  4436 | D:4      | Reached skill level 5 in Translocations
  4436 | D:4      | Reached XP level 7. HP: 20/63 MP: 6/10
  5072 | D:4      | Killed a yak
  5210 | D:5      | Reached skill level 6 in Axes
  5210 | D:5      | Reached XP level 8. HP: 44/73 MP: 8/11
  5490 | D:5      | Killed a yak
  5504 | D:5      | Found Qielisus's Assorted Antiques.
  5510 | D:5      | Reached skill level 5 in Fighting
  5538 | D:5      | Killed a yak
  5539 | D:5      | Reached skill level 7 in Axes
  5750 | D:4      | Killed a yak
  6151 | D:5      | Bought a scroll labelled PETUKHAROI for 21 gold pieces
  6151 | D:5      | Bought a fizzy silvery potion for 18 gold pieces
  6151 | D:5      | Bought a grey potion for 18 gold pieces
  6151 | D:5      | Bought a scroll labelled DIFFUDGH XIASE for 21 gold pieces
  6391 | D:6      | Reached skill level 8 in Axes
  6624 | D:6      | Reached XP level 9. HP: 75/82 MP: 12/12
  6727 | D:6      | Found a staircase to the Ecumenical Temple.
  6771 | Temple   | Entered the Ecumenical Temple
  6904 | Temple   | Became a worshipper of Cheibriados the Contemplative
  6963 | D:6      | Found Ettuav's Magic Scroll Boutique.
  6981 | D:6      | Bought a scroll of fear for 49 gold pieces
  7015 | D:6      | Found a sacrificial altar of Ru.
  7147 | D:6      | Reached skill level 9 in Axes
  7258 | D:6      | Found a shadowy altar of Dithmenos.
  7646 | D:7      | Reached * piety under Cheibriados
  7724 | D:7      | Noticed a troll
  8592 | D:6      | Killed a troll
  8593 | D:6      | Reached skill level 10 in Axes
  9163 | D:7      | Reached ** piety under Cheibriados
  9211 | D:7      | Found a runed translucent door.
  9212 | D:7      | Noticed Crazy Yiuf
  9273 | D:7      | Found a burning altar of Makhleb.
  9278 | D:7      | Reached XP level 10. HP: 89/94 MP: 13/13
  9582 | D:7      | Killed Crazy Yiuf
  9684 | D:8      | Noticed an elephant
  9685 | D:8      | Found a staircase to the Lair.
  9725 | D:8      | Reached skill level 11 in Axes
  9779 | D:8      | Killed an elephant
  9829 | D:8      | Found a sand-covered staircase.
  9840 | Ossuary  | Entered an ossuary
 10073 | D:8      | Found a sparkling altar of Nemelex Xobeh.
 10082 | D:8      | Noticed a two-headed ogre
 10124 | D:8      | Reached *** piety under Cheibriados
 10126 | D:8      | Killed a two-headed ogre
 10220 | D:8      | Found a glowing silver altar of Zin.
 10511 | D:8      | Reached skill level 12 in Axes
 10742 | D:9      | Noticed Maggie
 10761 | D:9      | Killed Maggie
 10852 | D:9      | Found an opulent altar of Gozag.
 10869 | D:9      | Noticed a gargoyle
 10886 | D:9      | HP: 2/93 [gargoyle/stone arrow (10)]
 10888 | D:9      | Killed from afar by a gargoyle

Illustrated notes

Levels and vault maps discovered:
D:1:      dpeg_arrival_arbitrary_c, layout_basic
D:2:      layout_rooms, shapermc_ecumenical_altar_mp_urbaneastern
D:3:      layout_rooms, mainiacjoe_overflow_alcove_1, serial_undead,
          serial_undead_f, serial_undead_e, serial_undead_b, serial_undead_d,
          uniq_ijyb
D:4:      layout_cave_pods, nicolae_tso_carved_into_rock
D:5:      layout_rooms, serial_shops, nicolae_shop_crystal
D:6:      layout_loops_ring, nicolae_ru_great_annihilating_truth,
          mainiacjoe_overflow_paths, minmay_temple_entry_slanted, serial_shops,
          nicolae_diamond_shop
D:7:      layout_loops_ring, nicolae_overflow_hidden_temple,
          uniq_crazy_yiuf_cottage
D:8:      layout_gridville, mainiacjoe_overflow_big_doors, david_lair_generic,
          nicolae_ossuary_entry_ruins, kennysheep_boxes
D:9:      layout_grid_maze, mainiacjoe_overflow_small_starburst, uniq_pikel,
          uniq_maggie
Temple:   eino_temple_lava

Skill      XL: |  1  2  3  4  5  6  7  8  9 10 |
---------------+-------------------------------+-----
Axes           | 3 4 5 6 8 10 12 | 12.2
Fighting       | 3 4 5 7 8 |  8.8
Translocations | 4 5 6 |  6.0
Throwing       | |  0.8
Armour         | |  0.7
Dodging        | |  1.5
Spellcasting   | |  2.0

Action                   |  1- 3 |  4- 6 |  7- 9 | 10-12 || total
-------------------------+-------+-------+-------+-------++-------
Melee: Hand axe          |    77 |    81 |   143 |   104 ||   405
       Whip              |       |    57 |   184 |    52 ||   293
Throw: Boomerang         |       |       |     5 |       ||     5
       Dart              |       |       |       |    16 ||    16
 Cast: Blink             |       |     3 |    46 |    13 ||    62
       Teleport Other    |       |       |     3 |     1 ||     4
 Abil: Spit Poison       |    24 |    43 |    50 |    13 ||   130
Evoke: Wand              |       |       |     3 |       ||     3
  Use: Scroll            |       |       |    17 |     3 ||    20
       Potion            |       |       |     3 |       ||     3
 Stab: Invisible         |       |       |     1 |       ||     1
Armor: Leather armour    |    33 |    32 |   126 |       ||   191
       Troll leather arm |       |       |    17 |    58 ||    75
Dodge: Dodged            |    45 |    69 |   138 |    56 ||   308

Table legend: (Time is in decaauts)
 A = Elapsed time spent in this place.
 B = Non-inter-level travel time spent in this place.
 C = Inter-level travel time spent in this place.
 D = Time resting spent in this place.
 E = Time spent auto-exploring this place.
 F = Levels seen in this place.
 G = Mean time per level.
                   A        B        C        D        E       F      G
               +--------+--------+--------+--------+--------+-----+--------+
         Total |  14232 |  13235 |    997 |   2551 |   7724 |  11 | 1293.8 |
       Dungeon |  13705 |  12722 |    983 |   2551 |   7435 |   9 | 1522.8 |
        Temple |    178 |    164 |     14 |      0 |    125 |   1 |  178.0 |
       Ossuary |    349 |    349 |      0 |      0 |    162 |   1 |  349.0 |
               +--------+--------+--------+--------+--------+-----+--------+

Top non-repeatable levels by time:
     D:6: 2335 daAuts
     D:4: 2231 daAuts
     D:7: 1893 daAuts
     D:1: 1611 daAuts
     D:8: 1357 daAuts
     D:2: 1338 daAuts
     D:3: 1283 daAuts
     D:5: 1215 daAuts
     D:9: 439 daAuts
 Ossuary: 349 daAuts
  Temple: 178 daAuts
